 Dungeon Crawl Stone Soup version 0.20.0-9-g8272e65 (webtiles) character file.

92 McKennaii the Skirmisher (level 4, 7/37 HPs)
             Began as a Demonspawn Abyssal Knight on June 3, 2017.
             Was a Follower of Lugonu.
             Quit the game on level 2 of the Dungeon.
             The game lasted 00:02:39 (1439 turns).

McKennaii the Skirmisher (DsAK)                     Turns: 1439, Time: 00:02:39

Health: 7/37       AC:  9    Str: 15    XL:     4   Next: 35%
Magic:  5/5        EV:  9    Int: 14    God:    Lugonu [*.....]
Gold:   86         SH:  0    Dex: 13    Spells: 3/3 levels left

rFire    . . .     SeeInvis .   a - +1 falchion
rCold    . . .     Gourm    .   (no shield)
rNeg     + . .     Faith    .   q - +0 scale mail
rPois    .         Spirit   .   (helmet restricted)
rElec    .         Reflect  .   (no cloak)
rCorr    .         Harm     .   i - +2 pair of gloves {Str+3}
MR       .....                  (no boots)
Stlth    ..........             (no amulet)
Regen    0.2/turn               f - ring of positive energy
MPRegen  0.1/turn               (no ring)

@: seriously poisoned (7 -> 2)
A: claws 1, horns 1
a: Depart the Abyss, Renounce Religion


You were on level 2 of the Dungeon.
You worshipped Lugonu.
Lugonu was aware of your devotion.
You were not hungry.

You visited 1 branch of the dungeon, and saw 3 of its levels.
You visited the Abyss 1 time.

You collected 86 gold pieces.

Inventory:

Hand Weapons
 a - a +1 falchion (weapon)
Armour
 i - a +2 pair of gloves of strength (worn)
 q - a +0 scale mail (worn)
Jewellery
 f - a ring of positive energy (left hand)
Scrolls
 d - a scroll of recharging {unknown}
 e - 2 scrolls of identify {unknown}
 h - 2 scrolls of remove curse {unknown}
 j - a scroll of teleportation {unknown}
 m - a scroll of fog {unknown}
Potions
 k - a potion of haste {unknown}
 l - a potion of mutation {unknown}
 n - a potion of degeneration {unknown}
 o - a potion of magic {unknown}
 p - a potion of agility {unknown}
Comestibles
 b - a meat ration
 c - 2 bread rations
 g - a royal jelly
 r - 2 chunks of flesh


   Skills:
 + Level 3.7 Fighting
 + Level 3.0 Long Blades
 + Level 2.2 Armour
 + Level 1.5 Dodging
 + Level 0.2 Stealth
 + Level 2.5 Invocations


You had 3 spell levels left.
You didn't know any spells.

Dungeon Overview and Level Annotations

Branches:
Dungeon (3/15)

Altars:
Uskayaw


Innate Abilities, Weirdness & Mutations

You have sharp fingernails.
You have a pair of small horns on your head.


Message History

You hit the orc. You headbutt the orc.
You kill the orc!
Lugonu accepts your kill.
You feel sick.
You feel sick.
Things that are here:
a dagger; a scale mail You are too injured to fight recklessly!
You feel sick.
You feel sick.
You miss the adder. The adder bites you but does no damage.
The adder completely misses you.
You riposte.
You slash the adder!
The adder is severely wounded.
You slash the adder!
You kill the adder!
Lugonu accepts your kill.
Your Long Blades skill increases to level 3!
You feel sick.
You feel sick.
Are you sure you want to abandon this character and quit the game? (Confirm with "yes".)

.................................
.................................
........##.......................
....#...##...........#...##......
....###.##..>...........÷###..[##
........................######.#
....####................#......##
..#.#####..................(.....
###.........#...@..........<.....
#####.......[..........)..†.....
#.....#####......).............#
#.####........÷.>).............#
##....#.........)...............#
................................#
#.........####.................##
#.........#((#..........#......##
#......._.#..#..................#


You could see 2 dancing weapons.

Vanquished Creatures
  An orc wizard (D:2)
  2 adders (D:2)
  A worm (D:2)
  5 leopard geckos
  4 orcs
  3 giant cockroaches
  A goblin (D:1)
  4 hobgoblins
  A ball python (D:2)
  4 bats (D:1)
  2 frilled lizards (D:1)
  6 kobolds
  8 rats
42 creatures vanquished.

Notes
Turn   | Place    | Note
-------+----------+-------------------------------------------
     0 | Abyss:1  | McKennaii the Demonspawn Abyssal Knight began the quest for the Orb.
     0 | Abyss:1  | Reached XP level 1. HP: 18/18 MP: 2/2
    70 | Abyss:2  | Noticed a tentacled monstrosity
    80 | D:1      | Escaped the Abyss
   228 | D:1      | Gained mutation: You have a pair of small horns on your head. [demonic ancestry]
   228 | D:1      | Reached XP level 2. HP: 14/24 MP: 3/3
   392 | D:1      | Reached * piety under Lugonu
   818 | D:2      | Found a hide-covered altar of Uskayaw.
   818 | D:2      | Noticed a hand axe
   819 | D:2      | Noticed a dagger
   869 | D:2      | Reached skill level 1 in Dodging
   869 | D:2      | Reached XP level 3. HP: 23/29 MP: 4/4
  1426 | D:2      | Gained mutation: You have sharp fingernails. [demonic ancestry]
  1426 | D:2      | Reached XP level 4. HP: 17/37 MP: 5/5
  1439 | D:2      | Quit the game

Skill      XL: |  1  2  3  4 |
---------------+-------------+-----
Long Blades    | 2 3 |  3.0
Dodging        | 1 |  1.5
Armour         | 2 |  2.2
Fighting       | |  3.7
Stealth        | |  0.2
Invocations    | |  2.5

Action                   |  1- 3 |  4- 6 || total
-------------------------+-------+-------++-------
Melee: Falchion          |   105 |     7 ||   112
       Headbutt          |    10 |     4 ||    14
Invok: Depart the Abyss  |     1 |       ||     1
  Eat: Chunk             |     2 |       ||     2
Armor: Leather armour    |    24 |       ||    24
       Scale mail        |    27 |     3 ||    30
Dodge: Dodged            |    66 |     4 ||    70
       Rpst.: Falchion   |    22 |     3 ||    25
